 Dungeon Crawl Stone Soup version 0.26-a0-737-g4e9f4955e2 (webtiles) character file.

Game seed: 4365373477368411960

371 Ijustatesigmund the Skirmisher (level 6, -10/40 HPs)
             Began as a Gargoyle Fighter on Nov 4, 2020.
             Mangled by Duvessa
             ... wielding a +2 rapier of venom
              (11 damage)
             ... on level 3 of the Dungeon.
             The game lasted 00:04:58 (3599 turns).

Ijustatesigmund the Skirmisher (Gargoyle Fighter)   Turns: 3599, Time: 00:04:58

Health: -10/40     AC: 11    Str: 19    XL:     6   Next: 71%
Magic:  6/6        EV:  7    Int: 10    God:
Gold:   145        SH:  9    Dex: 10    Spells: 5/5 levels left

rFire    . . .     SeeInvis .   a - +0 flail
rCold    . . .     Faith    .   c - +0 kite shield
rNeg     + . .     Spirit   .   b - +0 scale mail {rPois}
rPois    ∞         Reflect  .   (no helmet)
rElec    +         Harm     .   (no cloak)
rCorr    .         Rampage  .   (no gloves)
MR       .....                  (no boots)
Stlth    ..........             (no amulet)
HPRegen  0.13/turn              (no ring)
MPRegen  0.10/turn              (no ring)

@: mighty, brilliant
A: negative energy resistance 1, electricity resistance, unbreathing,
petrification resistance, rot immunity, AC +4
a: no special abilities


You were on level 3 of the Dungeon.
You visited 1 branch of the dungeon, and saw 4 of its levels.
You also visited: Sewer.

You collected 145 gold pieces.

Inventory:

Hand Weapons
 a - a +0 flail (weapon)
Missiles
 m - 2 datura-tipped darts (quivered)
Armour
 b - a +0 scale mail of poison resistance (worn)
 c - a +0 kite shield (worn)
Jewellery
 e - an uncursed amulet of guardian spirit {unknown}
Scrolls
 i - 2 scrolls of amnesia
 j - a scroll of magic mapping
 k - 2 scrolls of identify
 n - a scroll of remove curse
Potions
 d - 2 potions of might
 g - a potion of stabbing


   Skills:
 + Level 5.1 Fighting
 + Level 4.9 Maces & Flails
 + Level 4.1 Armour
 + Level 4.1 Shields


You had 5 spell levels left.
You didn't know any spells.
Your spell library was empty.

Dungeon Overview and Level Annotations

Branches:
Dungeon (4/15)              Sewer (visited)
 Temple: D:4-7

Altars:
Elyvilon

Annotations:
D:3 Duvessa


Innate Abilities, Weirdness & Mutations

You are resistant to torment.
Your stone body is resilient. (AC +4)
You are immune to poison.
You resist negative energy. (rN+)
You are resistant to electric shocks. (rElec)
You can survive without breathing.
You are immune to petrification.
You are immune to rotting.


Message History

Duvessa refuses to make way for you. (Use ctrl+direction or * direction to attack.) Duvessa refuses to make way for you. (Use ctrl+direction or * direction to attack.) Duvessa refuses to make way for you. (Use ctrl+direction or * direction to attack.) Duvessa refuses to make way for you. (Use ctrl+direction or * direction to attack.) Duvessa refuses to make way for you. (Use ctrl+direction or * direction to attack.)
You thump Duvessa!
Duvessa is moderately wounded.
Duvessa hits you with a +2 rapier of venom.
* * * LOW HITPOINT WARNING * * *
You thump Duvessa!
Duvessa is heavily wounded.
Duvessa hits you with a +2 rapier of venom.
* * * LOW HITPOINT WARNING * * *
Duvessa hits you with a +2 rapier of venom!
* * * LOW HITPOINT WARNING * * *
You sock Duvessa!
Duvessa is severely wounded.
Duvessa hits you but does no damage.
Duvessa hits you with a +2 rapier of venom!
You die...

#.# #.....##.# #.# ##'##
#..#####.# #.# ##...## #........#
#.# ##.....##
##.#############.### ##......)##
#.#.## #........##
##.......).###....#####.###.....#
.'.......).'.....................
##.........##...e.#####.#.......#
##.......###...@## #.#.......#
##.....## #...##### #.#.......#
##>..## #.......# #.###....##
##+## #.#.###.# #.###....# #.#
#.#.# #.# #........# #.# #.#.#
#.# #####.#### ######.######...#
#.# #####)### ....#...#...#####
#.# #.......# ###.........# #.#
#.###.#.###


You could see the neutral Duvessa (fast, strong, insane).

Vanquished Creatures
  A big kobold (Sewer)
  A gnoll (D:1)
  12 adders
  A river rat (Sewer)
  6 oozes (Sewer)
  7 worms
  5 dart slugs
  2 leopard geckos
  4 orcs (D:3)
  4 ball pythons
  5 bats
  5 giant cockroaches
  4 goblins
  10 hobgoblins
  2 jackals (D:2)
  19 kobolds
  A quokka (D:3)
  A frilled lizard (D:3)
  9 rats
99 creatures vanquished.

Vanquished Creatures (collateral kills)
  Dowan (D:4)
1 creature vanquished.

Grand Total: 100 creatures vanquished

Notes
Turn   | Place    | Note
-------+----------+-------------------------------------------
     0 | D:1      | Ijustatesigmund the Gargoyle Fighter began the quest for
                  | the Orb.
     0 | D:1      | Reached XP level 1. HP: 14/14 MP: 1/1
   278 | D:1      | Reached XP level 2. HP: 19/19 MP: 2/2
   527 | D:1      | Reached XP level 3. HP: 24/24 MP: 3/3
  1011 | D:2      | Reached skill level 4 in Fighting
  1011 | D:2      | Reached XP level 4. HP: 29/29 MP: 4/4
  1218 | D:2      | Found a white marble altar of Elyvilon.
  1826 | D:3      | Reached XP level 5. HP: 34/34 MP: 5/5
  2006 | D:3      | Found a glowing drain.
  2047 | Sewer    | Entered a sewer
  2238 | Sewer    | Noticed a big kobold
  2263 | Sewer    | Killed a big kobold
  2379 | Sewer    | Reached XP level 6. HP: 39/39 MP: 6/6
  3125 | D:3      | Reached skill level 5 in Fighting
  3584 | D:4      | Noticed Duvessa
  3584 | D:4      | Noticed Dowan
  3591 | D:4      | Killed Dowan
  3598 | D:3      | HP: 1/40 [Duvessa/+2 rapier of venom (8)]
  3599 | D:3      | Mangled by Duvessa

Illustrated notes

Levels and vault maps discovered:
D:1:      minmay_arrival_wavy_path, layout_basic, chequers_serial_rivers_room_b,
          hex_intersection
D:2:      layout_rooms, elyvilon_altar_1
D:3:      layout_loops_corners, cheibrodos_sewer_entry_bend
D:4:      layout_gridville, nemelex_diamond_rough_becter, uniq_duvessa

Skill      XL: |  1  2  3  4  5  6 |
---------------+-------------------+-----
Maces & Flails | 3 4 |  4.9
Fighting       | 4 5 |  5.1
Armour         | 4 |  4.1
Shields        | 4 |  4.1

Action                   |  1- 3 |  4- 6 || total
-------------------------+-------+-------++-------
Melee: Flail             |   113 |   366 ||   479
Throw: Dart              |       |     1 ||     1
  Use: Scroll            |       |     8 ||     8
       Potion            |       |     3 ||     3
Armor: Scale mail        |    64 |   176 ||   240
Dodge: Dodged            |    35 |   110 ||   145
Block: Kite shield       |    67 |   207 ||   274

Table legend: (Time is in decaauts)
 A = Elapsed time spent in this place.
 B = Non-inter-level travel time spent in this place.
 C = Inter-level travel time spent in this place.
 D = Time resting spent in this place.
 E = Time spent auto-exploring this place.
 F = Levels seen in this place.
 G = Mean time per level.
                   A        B        C        D        E       F      G
               +--------+--------+--------+--------+--------+-----+--------+
         Total |   3877 |   3794 |     83 |      2 |   2802 |   5 |  775.4 |
       Dungeon |   2849 |   2766 |     83 |      2 |   2134 |   4 |  712.2 |
         Sewer |   1028 |   1028 |      0 |      0 |    667 |   1 | 1028.0 |
               +--------+--------+--------+--------+--------+-----+--------+

Top non-repeatable levels by time:
     D:3: 1243 daAuts
   Sewer: 1028 daAuts
     D:1: 819 daAuts
     D:2: 776 daAuts
     D:4: 9 daAuts
